 Dungeon Crawl Stone Soup version 0.29.1-15-g9cfb28693d (webtiles) character file.

Game seed: 16402914901524707090

0 leafyfresh the Sneak (level 1, 0/16 HPs)
             Began as an Octopode Delver on Feb 25, 2023.
             Slain by a shadow imp (4 damage)
             ... on level 5 of the Dungeon.
             The game lasted 00:00:10 (12 turns).

leafyfresh the Sneak (Octopode Delver)                Turns: 12, Time: 00:00:11

Health: 0/16       AC:  1    Str: 11    XL:     1   Next: 0%
Magic:  1/1        EV: 13    Int: 12    God:
Gold:   0          SH:  0    Dex: 13    Spells: 0/0 levels left

rFire   . . .      SeeInvis .   a - +0 short sword
rCold   . . .      Faith    .   (no shield)
rNeg    . . .      Spirit   .   (helmet restricted)
rPois   .          Reflect  .   (no amulet)
rElec   .          Harm     .   (no ring)
rCorr   .          Rampage  .   (no ring)
Will    .....                   (no ring)
Stlth   ++++......              (no ring)
HPRegen 0.05/turn               (no ring)
MPRegen 0.07/turn               (no ring)
                                (no ring)
                                (no ring)

@: no status effects
A: almost no armour, amphibious, 8 rings, camouflage 1, gelatinous body 1,
(nimble swimmer 1), tentacles
a: no special abilities


You were on level 5 of the Dungeon.
You visited 1 branch of the dungeon, and saw 1 of its levels.

Inventory:

Hand Weapons
 a - a +0 short sword (weapon)
Wands
 f - a wand of digging (3)
Scrolls
 b - a scroll of fog
 c - a scroll of magic mapping
 d - a scroll of fear
Potions
 e - a potion of haste


   Skills:
 + Level 3.0 Fighting
 - Level 2.0 Short Blades
 - Level 2.0 Dodging
 + Level 6.6 Stealth


You couldn't memorise any spells.
You didn't know any spells.
Your spell library was empty.

Dungeon Overview and Level Annotations

Branches:
Dungeon (5/15)
 Temple: D:4-7

Altars:


Innate Abilities, Weirdness & Mutations

You cannot wear most types of armour.
You are amphibious.
You can wear up to eight rings at the same time.
Your skin changes colour to match your surroundings (Stealth+).
Your rubbery body absorbs attacks. (AC +1, EV +1)
((You are camouflaged when in or above water. (Stealth+)))
You have tentacles for arms and can constrict up to eight enemies at once.


Message History

A black bear, an orc, an iguana and a jelly come into view.
Something shouts, "Fly, thou wayward tardy-gaited flim-flammer!"
An adder comes into view.
The howler monkey hoots and howls with incredible vigour!
A white imp comes into view.
The shadow imp closely misses you.
There are monsters nearby!
Unknown command.
You barely miss the iguana. You grab the iguana. You squeeze the iguana.
The iguana is moderately wounded.
You constrict the iguana, but do no damage.
An ice beast comes into view.
The iguana barely misses you. The shadow imp hits you.
You hit the iguana but do no damage.
The iguana is moderately wounded.
You constrict the iguana. The iguana closely misses you.
The shadow imp hits you.
You hit the iguana but do no damage.
You squeeze the iguana, but do no damage.
The iguana is moderately wounded.
You constrict the iguana. The iguana misses you.
The howler monkey hoots and howls with incredible vigour!
The shadow imp gestures at you. Pain shoots through your body!
* * * LOW HITPOINT WARNING * * *
You hear a shout!
Unknown command.
Unknown command.
You hit the iguana but do no damage.
The iguana is heavily wounded.
You constrict the iguana. The iguana closely misses you.
The shadow imp grinds its teeth.
The shadow imp gestures at you.
You barely resist. You hit the iguana but do no damage. You squeeze the iguana.
The iguana is almost dead.
You constrict the iguana.
You kill the iguana!
The shadow imp hits you.
You die... .#.###~PP~~ #..# ....#.....P . #... ##.#.#.... .##... ..#...# ..... #.#>..+ #.5S #.#...# #oYJ

##.....#
#.oh##..#...P.~PP
#5@..###.P.~~~~
##..## [P~~♣P~
#...# ..P.~.~
...#.# ...##..
+####.# ##.. ..
#.# ### #.. ###


You could see an ice beast, a howler monkey (catching breath), a jelly, an
adder, a white imp, a shadow imp and 2 orcs.

Vanquished Creatures
  An iguana (D:5)
1 creature vanquished.

Notes
Turn   | Place    | Note
-------+----------+-------------------------------------------
     0 | D:5      | leafyfresh the Octopode Delver began the quest for the Orb.
     0 | D:5      | Reached XP level 1. HP: 16/16 MP: 1/1
     5 | D:5      | Noticed an iguana
     6 | D:5      | Noticed a howler monkey
     7 | D:5      | Noticed a black bear
     7 | D:5      | Noticed an iguana
     7 | D:5      | Noticed a jelly
     8 | D:5      | Noticed an ice beast
    12 | D:5      | Killed an iguana
    12 | D:5      | Slain by a shadow imp

Illustrated notes

Levels and vault maps discovered:
D:5:      layout_basic, kennysheep_donut, serial_bayou_lagoon_a,
          minmay_ruined_shrine

Action                   || total
-------------------------++-------
Melee: Short sword       ||     5
       Tentacles         ||     3
       Constrict         ||     1
Dodge: Dodged            ||     5
